 Dungeon Crawl Stone Soup version 0.31-a0-702-gf82c85558f (webtiles) character file.

Game seed: 11510930015698626964

4744 qw the Skirmisher (level 10, 0/64 HPs)
             Began as a Gargoyle Hunter on Sept 8, 2023.
             Was a Believer of Okawaru.
             Slain by a boulder beetle (15 damage)
             ... on level 8 of the Dungeon.
             The game lasted 00:03:06 (6227 turns).

qw the Skirmisher (Gargoyle Hunter)                 Turns: 6227, Time: 00:03:06

Health: 0/64       AC: 20    Str: 16    XL:     10   Next: 46%
Magic:  11/13      EV: 32    Int:  9    God:    Okawaru [**....]
Gold:   393        SH:  0    Dex: 23    Spells: 9/9 levels left

rFire   . . .        Y - +2 shortbow
rCold   + . .        (shield currently unavailable)
rNeg    + . .        t - +2 ring mail {rC+}
rPois   inf          l - +0 helmet
rElec   +            k - +0 cloak
rCorr   .            n - +0 pair of gloves
SInv    .            (no boots)
Will    .....        d - amulet of the acrobat
Stlth   +++          j - +6 ring of dexterity
HPRegen 0.30/turn    (no ring)
MPRegen 0.13/turn

%: acrobat
@: heroic, acrobatic
A: sickness immunity, AC +7, negative energy resistance 1, electricity
resistance, torment resistance 1, petrification resistance
a: Renounce Religion, Heroism


You were on level 8 of the Dungeon.
You worshipped Okawaru.
Okawaru was pleased with you.
You visited 2 branches of the dungeon, and saw 9 of its levels.

You collected 393 gold pieces.


Innate Abilities, Weirdness & Mutations

You are immune to sickness and miasma.
Your stone body is resilient. (AC +7)
You are immune to poison.
You resist negative energy. (rN+)
You are resistant to electric shocks. (rElec)
You are resistant to unholy torment.
You are immune to petrification.


   Skills:
 - Level 8.0(13.0) Fighting
 + Level 11.8(16.8) Ranged Weapons
 - Level 4.2(9.2) Armour
 - Level 4.2(9.2) Dodging
 - Level 1.1(6.1) Stealth
 - Level 4.0 Invocations


You had 9 spell levels left.
You didn't know any spells.
Your spell library was empty.

Inventory:

Hand Weapons
 Y - a +2 shortbow (weapon)
Armour
 k - a +0 cloak (worn)
 l - a +0 helmet (worn)
 n - a +0 pair of gloves (worn)
 t - a +2 ring mail of cold resistance (worn)
Jewellery
 d - an amulet of the acrobat (around neck)
 g - a ring of fire
 j - a +6 ring of dexterity (left hand)
Scrolls
 f - 2 scrolls of identify
Potions
 a - 3 potions of might
 b - a potion of cancellation
 e - a potion of degeneration {unknown}
 h - 2 potions of curing
 i - 3 potions of haste
 m - a potion of mutation {unknown}
 o - a potion of attraction {unknown}
 p - a potion of enlightenment {unknown}
 r - a potion of resistance {unknown}
 s - a potion of experience {unknown}

Dungeon Overview and Level Annotations

Branches:
Dungeon (8/15)             Temple (1/1) D:6
   Lair: D:8-11

Altars:
Ashenzari
Cheibriados
Dithmenos
Elyvilon
Fedhas
Gozag
Hepliaklqana
Kikubaaqudgha
Makhleb
Nemelex Xobeh
Okawaru
Qazlal
Ru
Sif Muna
Trog
Uskayaw
Vehumet
Wu Jian
Xom
Yredelemnul
Zin
The Shining One

Annotations:
D:5 2 runed translucent doors


Message History

The boulder beetle bites you.
You shoot an arrow.
The arrow hits the boulder beetle but does no damage.
The boulder beetle is heavily wounded.
You feel like a meek peon again. The boulder beetle bites you!
6221 ||| INVOKING Heroism.
You gain the combat prowess of a mighty hero.
The boulder beetle bites you!
You shoot an arrow. The arrow hits the boulder beetle.
The boulder beetle is severely wounded.
The boulder beetle bites you but does no damage.
You shoot an arrow.
The arrow hits the boulder beetle but does no damage.
The boulder beetle is heavily wounded.
The boulder beetle misses you.
You shoot an arrow.
The arrow hits the boulder beetle but does no damage.
The boulder beetle is heavily wounded.
You shoot an arrow. The arrow hits the boulder beetle.
The boulder beetle is severely wounded.
The boulder beetle barely misses you.
You shoot an arrow.
The arrow hits the boulder beetle but does no damage.
The boulder beetle is severely wounded.
The boulder beetle bites you but does no damage.
A bullfrog comes into view.
Enter note:
Enter note:
Enter note:
Enter note:
6227 |||
Found retreat position at -2,0 (floor) with 0 blocking monsters and 1 monsters attacking at destination at distance 2
Enter note:
Enter note:
Enter note:
Enter note:
6227 ||| Stepping ~*~*~tactically~*~*~ (retreating).
The boulder beetle waves its antennae.
The boulder beetle bites you!
You die...

#...#)##
#.###.#
#.###.# #
#.....#
77 .#
#.#####
.7 . #)#
7.7.7#
7#.#
..#D.
#.7777.)#
ยค#.#
#....@..#
.c#
#.7777B.#
7.7 .#.#
..7 ..#.#
.77
.)7#.# .
..7 #..#
7 .F7
#..# #.7
#..#
#..####


You could see a boulder beetle.

Vanquished Creatures
  A cyclops (D:8)
  Grinder (D:3)
  A wyvern (D:8)
  3 steam dragons (D:8)
  4 water moccasins
  An ice beast (D:7)
  2 sky beasts (D:7)
  3 orc warriors (D:8)
  4 ogres
  2 centaurs
  A phantom (D:6)
  2 bullfrogs
  A kobold brigand (D:8)
  4 scorpions
  12 wights
  4 killer bees (D:8)
  A howler monkey (D:8)
  4 hounds
  A jelly (D:6)
  3 orc priests
  2 gnoll boudas
  2 iguanas (D:6)
  2 sleepcaps
  7 orc wizards
  Robin (D:3)
  4 gnolls
  4 adders
  4 shadow imps
  An ufetubus (D:5)
  2 worms
  3 dart slugs
  23 orcs
  4 ball pythons
  6 endoplasms
  A giant cockroach (D:1)
  13 goblins
  13 hobgoblins
  3 quokkas
  6 bats
  2 frilled lizards
  3 kobolds
  4 rats (D:1)
165 creatures vanquished.

Vanquished Creatures (others)
  A wight (D:8)
1 creature vanquished.

Grand Total: 166 creatures vanquished

Notes
Turn   | Place    | Note
-------+----------+-------------------------------------------
     0 | D:1      | qw the Gargoyle Hunter began the quest for the Orb.
     0 | D:1      | Reached XP level 1. HP: 12/12 MP: 1/1
     0 | D:1      | 0 ||| qw: Version: 0.3-a-76-g4403597
     0 | D:1      | 0 ||| qw: Game counter: 1021
     0 | D:1      | 0 ||| qw: Melee chars always use a shield: true
     0 | D:1      | 0 ||| qw: God list: Okawaru
     0 | D:1      | 0 ||| qw: Allow faded altars: false
     0 | D:1      | 0 ||| qw: Do Orc after clearing Dungeon:15 true
     0 | D:1      | 0 ||| qw: Do second Lair branch before Depths: true
     0 | D:1      | 0 ||| qw: Lair rune preference: random
     0 | D:1      | 0 ||| qw: Goals: Normal
     0 | D:1      | 0 ||| PLANNING D:1-11
    71 | D:1      | Reached XP level 2. HP: 17/17 MP: 2/2
   283 | D:1      | Reached skill level 5 in Ranged Weapons
   283 | D:1      | Reached XP level 3. HP: 20/21 MP: 3/3
   531 | D:1      | 531 ||| READING scroll labelled FEXUENL RYIWN.
   536 | D:1      | 536 ||| READING 2 scrolls labelled SUEKHICWUY.
   537 | D:1      | 537 ||| READING scroll labelled UMIMOU SOZAWK.
   538 | D:1      | 538 ||| DROPPING scroll of butterflies.
   590 | D:2      | Reached skill level 3 in Fighting
   796 | D:2      | Reached XP level 4. HP: 28/28 MP: 4/4
  1132 | D:2      | 1132 ||| UPGRADING to +0 cloak.
  1137 | D:2      | 1137 ||| UPGRADING to amulet of the acrobat.
  1142 | D:2      | 1142 ||| UPGRADING to +6 ring of dexterity.
  1143 | D:2      | 1143 ||| READING 3 scrolls labelled ZAFYSTR ALIUTIU.
  1144 | D:2      | 1144 ||| DROPPING 2 scrolls of amnesia.
  1226 | D:3      | Found a faded altar of an unknown god.
  1283 | D:3      | Noticed Grinder
  1288 | D:3      | HP: 7/28 [Grinder (1)]
  1289 | D:3      | 1289 ||| READING scroll of teleportation.
  1296 | D:3      | 1296 ||| FLEEEEING.
  1298 | D:3      | 1298 ||| FLEEEEING.
  1299 | D:3      | 1299 ||| FLEEEEING.
  1300 | D:3      | 1300 ||| FLEEEEING.
  1302 | D:3      | 1302 ||| FLEEEEING.
  1303 | D:3      | 1303 ||| FLEEEEING.
  1304 | D:3      | 1304 ||| FLEEEEING.
  1305 | D:3      | 1305 ||| FLEEEEING.
  1306 | D:3      | 1306 ||| FLEEEEING.
  1307 | D:3      | 1307 ||| STAIRDANCE
  1388 | D:2      | 1388 ||| DRINKING 4 puce potions.
  1493 | D:2      | 1493 ||| DROPPING 3 potions of berserk rage.
  1566 | D:3      | Noticed Robin
  1573 | D:3      | Killed Robin
  1690 | D:3      | Paralysed by Grinder for 3 turns
  1698 | D:3      | HP: 7/28 [Grinder/nerve-wracking pain (5)]
  1699 | D:3      | HP: 3/28 [Grinder/nerve-wracking pain (4)]
  1701 | D:3      | Killed Grinder
  1702 | D:3      | Reached skill level 7 in Ranged Weapons
  1702 | D:3      | Reached XP level 5. HP: 4/32 MP: 5/5
  1702 | D:3      | Reached XP level 6. HP: 5/37 MP: 6/6
  2033 | D:3      | 2033 ||| UPGRADING to +0 helmet.
  2038 | D:3      | 2038 ||| UPGRADING to +0 pair of gloves.
  2043 | D:3      | 2043 ||| UPGRADING to +0 ring mail.
  2053 | D:3      | 2053 ||| DROPPING +0 leather armour.
  2054 | D:3      | 2054 ||| READING 2 scrolls of identify.
  2054 | D:3      | 2054 ||| IDENTIFYING grey potion
  2086 | D:4      | Found a hazy altar of Hepliaklqana.
  2086 | D:4      | Found a snail-covered altar of Cheibriados.
  2118 | D:4      | Found a blossoming altar of Fedhas.
  2151 | D:4      | Reached skill level 1 in Armour
  2260 | D:4      | Found an ancient bone altar of Kikubaaqudgha.
  2260 | D:4      | Found a hide-covered altar of Uskayaw.
  2260 | D:4      | Noticed a water moccasin
  2272 | D:4      | Found a shadowy altar of Dithmenos.
  2284 | D:4      | Killed a water moccasin
  2285 | D:4      | Reached skill level 3 in Armour
  2285 | D:4      | Reached XP level 7. HP: 36/41 MP: 7/7
  2474 | D:4      | 2474 ||| READING scroll labelled NEPSAO HOSCHA.
  2475 | D:4      | 2475 ||| DRINKING 2 blue potions.
  2476 | D:4      | 2476 ||| DRINKING 3 bubbling inky potions.
  2477 | D:4      | 2477 ||| READING 2 scrolls of identify.
  2477 | D:4      | 2477 ||| IDENTIFYING purple potion
  2493 | D:5      | Entered Level 5 of the Dungeon
  2521 | D:5      | 2521 ||| Stepping ~*~*~tactically~*~*~ (retreating).
  2522 | D:5      | 2522 ||| Stepping ~*~*~tactically~*~*~ (retreating).
  2523 | D:5      | 2523 ||| Stepping ~*~*~tactically~*~*~ (retreating).
  2524 | D:5      | 2524 ||| Stepping ~*~*~tactically~*~*~ (retreating).
  2528 | D:5      | 2528 ||| Stepping ~*~*~tactically~*~*~ (retreating).
  2533 | D:5      | 2533 ||| Stepping ~*~*~tactically~*~*~ (retreating).
  2535 | D:5      | 2535 ||| Stepping ~*~*~tactically~*~*~ (retreating).
  2536 | D:5      | 2536 ||| Stepping ~*~*~tactically~*~*~ (retreating).
  2619 | D:5      | Found a runed translucent door.
  2621 | D:5      | Found a runed translucent door.
  2622 | D:5      | Noticed a vampire mosquito
  2865 | D:5      | Reached skill level 8 in Ranged Weapons
  2984 | D:5      | Reached XP level 8. HP: 48/48 MP: 8/8
  3188 | D:5      | 3188 ||| READING scroll labelled UXUBOG ETREPHEF.
  3189 | D:5      | 3189 ||| READING scroll labelled ANNUHA NUUGU.
  3190 | D:5      | 3190 ||| DRINKING 2 sapphire potions.
  3191 | D:5      | 3191 ||| DROPPING potion of brilliance.
  3203 | D:6      | 3203 ||| PLANNING OSSUARY
  3203 | D:6      | 3203 ||| STAIRDANCE
  3272 | D:6      | 3272 ||| STAIRDANCE
  3278 | D:5      | HP: 10/49 [wight/+0 dagger (8)]
  3441 | D:6      | 3441 ||| STAIRDANCE
  3636 | D:6      | Reached skill level 9 in Ranged Weapons
  3636 | D:6      | 3636 ||| FLEEEEING.
  3637 | D:6      | 3637 ||| FLEEEEING.
  3638 | D:6      | 3638 ||| FLEEEEING.
  3639 | D:6      | 3639 ||| FLEEEEING.
  3640 | D:6      | 3640 ||| FLEEEEING.
  3641 | D:6      | 3641 ||| FLEEEEING.
  3642 | D:6      | 3642 ||| FLEEEEING.
  3643 | D:6      | 3643 ||| FLEEEEING.
  3650 | D:6      | 3650 ||| FLEEEEING.
  3651 | D:6      | 3651 ||| FLEEEEING.
  3664 | D:6      | 3664 ||| DRINKING 2 potions of curing.
  3664 | D:6      | 3664 ||| (to cure confusion)
  3815 | D:6      | Reached skill level 6 in Fighting
  3825 | D:6      | 3825 ||| Stepping ~*~*~tactically~*~*~ (retreating).
  3826 | D:6      | 3826 ||| RETREATING.
  3827 | D:6      | 3827 ||| Stepping ~*~*~tactically~*~*~ (retreating).
  3838 | D:6      | Reached skill level 3 in Dodging
  3862 | D:6      | Found a staircase to the Ecumenical Temple.
  3896 | D:6      | 3896 ||| RIP OSSUARY
  3916 | D:6      | 3916 ||| PLANNING TEMPLE
  3921 | D:6      | 3921 ||| UPGRADING to +2 leather armour of cold resistance.
  3931 | D:6      | 3931 ||| DROPPING +0 ring mail.
  3932 | D:6      | 3932 ||| UPGRADING to +2 ring mail of cold resistance.
  3942 | D:6      | 3942 ||| DROPPING +2 leather armour of cold resistance.
  3943 | D:6      | 3943 ||| READING scroll labelled HOF XEGHIVUPP.
  3966 | Temple   | Entered the Ecumenical Temple
  3967 | Temple   | 3967 ||| PLANNING OKAWARU WORSHIP
  3973 | Temple   | Became a worshipper of Warmaster Okawaru
  3974 | Temple   | 3974 ||| PLANNING D:1-11
  4061 | D:6      | 4061 ||| READING scroll of enchant weapon.
  4061 | D:6      | 4061 ||| ENCHANTING +1 shortbow.
  4075 | D:6      | 4075 ||| Stepping ~*~*~tactically~*~*~ (outnumbered).
  4077 | D:6      | 4077 ||| Stepping ~*~*~tactically~*~*~ (outnumbered).
  4086 | D:6      | 4086 ||| Stepping ~*~*~tactically~*~*~ (retreating).
  4088 | D:6      | 4088 ||| Stepping ~*~*~tactically~*~*~ (retreating).
  4096 | D:6      | Reached XP level 9. HP: 48/55 MP: 9/9
  4248 | D:6      | Reached skill level 10 in Ranged Weapons
  4453 | D:6      | 4453 ||| READING scroll labelled REOFUPT JAOJ.
  4569 | D:7      | 4569 ||| RETREATING.
  4575 | D:7      | 4575 ||| Stepping ~*~*~tactically~*~*~ (retreating).
  4576 | D:7      | 4576 ||| Stepping ~*~*~tactically~*~*~ (retreating).
  4577 | D:7      | 4577 ||| Stepping ~*~*~tactically~*~*~ (retreating).
  4579 | D:7      | 4579 ||| Stepping ~*~*~tactically~*~*~ (retreating).
  4581 | D:7      | 4581 ||| Stepping ~*~*~tactically~*~*~ (retreating).
  4582 | D:7      | 4582 ||| Stepping ~*~*~tactically~*~*~ (retreating).
  4719 | D:7      | Reached * piety under Okawaru
  4727 | D:7      | Reached skill level 1 in Invocations
  4961 | D:7      | Reached skill level 3 in Invocations
  5013 | D:7      | 5013 ||| DRINKING 2 brown potions.
  5032 | D:7      | 5032 ||| DROPPING potion of lignification.
  5197 | D:8      | 5197 ||| Stepping ~*~*~tactically~*~*~ (retreating).
  5200 | D:8      | 5200 ||| INVOKING Heroism.
  5215 | D:8      | Reached ** piety under Okawaru
  5215 | D:8      | HP: 14/57 [centaur (2)]
  5216 | D:8      | Reached skill level 11 in Ranged Weapons
  5216 | D:8      | 5216 ||| READING scroll of teleportation.
  5482 | D:8      | Found a sparkling altar of Nemelex Xobeh.
  5483 | D:8      | 5483 ||| RETREATING.
  5587 | D:8      | 5587 ||| Stepping ~*~*~tactically~*~*~ (cloud).
  5592 | D:8      | 5592 ||| INVOKING Heroism.
  5597 | D:8      | Reached XP level 10. HP: 48/63 MP: 10/13
  5822 | D:8      | 5822 ||| RETREATING.
  5925 | D:8      | 5925 ||| INVOKING Heroism.
  5971 | D:8      | 5971 ||| INVOKING Heroism.
  6020 | D:8      | 6020 ||| INVOKING Heroism.
  6037 | D:8      | 6037 ||| Stepping ~*~*~tactically~*~*~ (cloud).
  6111 | D:8      | 6111 ||| FLEEEEING.
  6112 | D:8      | 6112 ||| FLEEEEING.
  6150 | D:8      | 6150 ||| INVOKING Heroism.
  6165 | D:8      | 6165 ||| FLEEEEING.
  6165 | D:8      | Noticed a cyclops
  6166 | D:8      | 6166 ||| INVOKING Heroism.
  6175 | D:8      | Killed a cyclops
  6187 | D:8      | Noticed a boulder beetle
  6189 | D:8      | 6189 ||| INVOKING Heroism.
  6221 | D:8      | 6221 ||| INVOKING Heroism.
  6221 | D:8      | HP: 13/64 [boulder beetle (11)]
  6227 | D:8      | 6227 ||| Stepping ~*~*~tactically~*~*~ (retreating).
  6227 | D:8      | Slain by a boulder beetle

Levels and vault maps discovered:
D:1:      dpeg_arrival_tiny_a, layout_rooms
D:2:      layout_basic, minmay_small_reverse_x
D:3:      layout_rooms, basic_ecumenical_altar, uniq_robin, uniq_grinder
D:4:      layout_cave_pools, fedhas_altar_1,
          gammafunk_temple_overflow_forgotten,
          mainiacjoe_overflow_large_starburst
D:5:      lemuel_insect_pit, layout_loops_cross
D:6:      layout_loops_ring, minmay_temple_entry_drinking_statues,
          enter_ossuary_1
D:7:      layout_cave_pools
D:8:      nzn_winding_woodlands_medium [nzn_winding_woodlands_hourglass,
          nzn_winding_woodlands_5x15_twine, nzn_winding_woodlands_5x5_cross,
          nzn_winding_woodlands_5x5_checkerboard,
          nzn_winding_woodlands_center_pierced_h,
          nzn_winding_woodlands_5x5_three, nzn_winding_woodlands_5x5_default,
          nzn_winding_woodlands_5x15_pockets,
          nzn_winding_woodlands_5x5_perimeter], layout_loops_corners,
          mainiacjoe_overflow_small_starburst, roderic_malta_cross
Temple:   nicolae_temple_bog_church

Skill      XL: |  1  2  3  4  5  6  7  8  9 10 |
---------------+-------------------------------+-----
Ranged Weapons | 5 7 8 9 11 | 11.8
Fighting       | 3 4 6 7 8 |  8.0
Armour         | 3 4 |  4.2
Dodging        | 2 3 4 |  4.2
Invocations    | 4 |  4.0
Stealth        | |  1.1

Action                     |  1- 3 |  4- 6 |  7- 9 | 10-12 || total
---------------------------+-------+-------+-------+-------++-------
   Fire: Shortbow          |    97 |   101 |   384 |   171 ||   753
 Invoke: Heroism           |       |       |     2 |     7 ||     9
    Use: Scroll            |     3 |     3 |     8 |       ||    14
         Potion            |       |     1 |     5 |       ||     6
 Armour: Leather armour    |    23 |    24 |       |       ||    47
         Ring mail         |       |     6 |   170 |    47 ||   223
  Dodge: Dodged            |    18 |    33 |   187 |    49 ||   287

Table legend:
 A = Non-vault XP
 B = Vault XP
 C = Vault XP percentage of total XP
 D = Non-vault monster count
 E = Vault monster count
 F = Vault count percentage of total count
                 A         B        C        D         E       F
            +---------+---------+-------+---------+---------+-------
      Total |    4624 |    2154 |  31.8 |     135 |      31 |  18.7
            +---------+---------+-------+---------+---------+-------
        D:1 |      62 |       0 |   0.0 |      28 |       0 |   0.0
        D:2 |      17 |       7 |  29.2 |       6 |       4 |  40.0
        D:3 |      45 |     321 |  87.7 |      11 |      12 |  52.2
        D:4 |     206 |       0 |   0.0 |       6 |       0 |   0.0
        D:5 |     915 |       0 |   0.0 |      21 |       0 |   0.0
        D:6 |    1067 |       0 |   0.0 |      27 |       0 |   0.0
        D:7 |    1155 |       0 |   0.0 |      15 |       0 |   0.0
        D:8 |    1157 |    1826 |  61.2 |      21 |      15 |  41.7
            +---------+---------+-------+---------+---------+-------
